 Dungeon Crawl Stone Soup version 0.29.1-15-g9cfb28693d (webtiles) character file.

Game seed: 10210597250171410163

71 croobank the Chopper (level 4, -1/30 HPs)
             Began as an Octopode Gladiator on Feb 27, 2023.
             Succumbed to a gnoll's poison
             ... on level 2 of the Dungeon.
             The game lasted 00:02:39 (1965 turns).

croobank the Chopper (Octopode Gladiator)           Turns: 1965, Time: 00:02:39

Health: -1/30      AC:  1    Str: 15    XL:     4   Next: 24%
Magic:  4/4        EV: 14    Int: 10    God:
Gold:   65         SH:  0    Dex: 13    Spells: 3/3 levels left

rFire   . . .      SeeInvis .   a - +0 war axe
rCold   . . .      Faith    .   (no shield)
rNeg    . . .      Spirit   .   b - +0 hat
rPois   .          Reflect  .   (no amulet)
rElec   .          Harm     .   (no ring)
rCorr   .          Rampage  .   (no ring)
Will    .....                   (no ring)
Stlth   ++........              (no ring)
HPRegen 0.10/turn               (no ring)
MPRegen 0.09/turn               (no ring)
                                (no ring)
                                (no ring)

@: lethally poisoned (-1 -> -10)
A: almost no armour, amphibious, 8 rings, camouflage 1, gelatinous body 1,
(nimble swimmer 1), tentacles
a: no special abilities


You were on level 2 of the Dungeon.
You visited 1 branch of the dungeon, and saw 2 of its levels.

You collected 65 gold pieces.

Inventory:

Hand Weapons
 a - a +0 war axe (weapon)
 e - a +0 dagger
Missiles
 c - a throwing net (quivered)
 d - 3 javelins
Armour
 b - a +0 hat (worn)
Scrolls
 g - 2 scrolls of identify {unknown}
 h - a scroll of blinking {unknown}


   Skills:
 + Level 2.7 Fighting
 + Level 3.5 Axes
 + Level 2.8 Throwing
 + Level 3.5 Dodging


You had 3 spell levels left.
You didn't know any spells.
Your spell library was empty.

Dungeon Overview and Level Annotations

Branches:
Dungeon (2/15)

Altars:

Shops:
D:1 [


Innate Abilities, Weirdness & Mutations

You cannot wear most types of armour.
You are amphibious.
You can wear up to eight rings at the same time.
Your skin changes colour to match your surroundings (Stealth+).
Your rubbery body absorbs attacks. (AC +1, EV +1)
((You are camouflaged when in or above water. (Stealth+)))
You have tentacles for arms and can constrict up to eight enemies at once.


Message History

You hear a shout!
The gnoll barely misses you.
A gnoll comes into view. It is wielding a +0 spear.
You barely miss the gnoll. You grab the gnoll. You constrict the gnoll.
The gnoll hits you with a +0 club. The gnoll barely misses you.
You hit the gnoll.
The gnoll is heavily wounded.
You constrict the gnoll. The gnoll hits you with a +0 club.
The gnoll completely misses you. The gnoll misses you.
The gnoll closely misses you.
You slash the gnoll!
You kill the gnoll!
The gnoll hits you from afar with a +1 halberd of venom!
* * * LOW HITPOINT WARNING * * *
You are lethally poisoned!
Throw: 3 throwing nets
Press: ? - help, Q - select action, (/) - cycle Shift-Dir - straight line, f - gnoll
Aim: a gnoll, wielding a +1 halberd of venom (63% to hit)
You throw a throwing net.
The throwing net closely misses the gnoll.
The throwing net hits the gnoll.
The gnoll is caught in the net!
* * * LOW HITPOINT WARNING * * *
You feel very sick.
The gnoll struggles against the net.
The gnoll closely misses you.
Okay, then.
Throw: 2 throwing nets
Press: ? - help, Q - select action, (/) - cycle Shift-Dir - straight line, f/p - gnoll
Aim: a gnoll, wielding a +1 halberd of venom (63% to hit)
You throw a throwing net. The throwing net hits the gnoll.
The gnoll is caught in the net!
* * * LOW HITPOINT WARNING * * *
You feel sick.
The gnoll struggles against the net. x2
* * * LOW HITPOINT WARNING * * *
You feel very sick.
The gnoll struggles against the net. x2
You aren't carrying any potions.
As you read the scroll labelled GOET LYTILAJOTS, it crumbles to dust.
You assume a fearsome visage.
The gnoll looks frightened! x2
It was a scroll of fear.
You die...

# ### #.# #### ..# #.# ...#
#.##########.# ##.#
#.#...)......# ##.# #g#...
..##.# ...# #g#..# #.##.# ####
#)#..####.##.### #
#.#............# ######....##
##@#.#####.##.#.# ........>#..
..#.........##.#.#
.#######.#.##......########.#.##
.# #.#.###.##..# #.........# .#
#.#.# #.##..# #.####...##
.#######.#.# #.##..# #.# ###.#
...........###.##..# #.# #.#
#...####...........# #.# #.#
#...# #.#####.##.## #.# #.#


You could see 2 gnolls.

Vanquished Creatures
  A gnoll (D:2)
  2 adders (D:2)
  A dart slug (D:1)
  3 bats
  2 endoplasms (D:1)
  A giant cockroach (D:2)
  3 goblins
  2 hobgoblins (D:1)
  6 jackals (D:1)
  2 quokkas (D:1)
  6 ball pythons
  2 frilled lizards
  6 kobolds (D:1)
  3 rats (D:1)
40 creatures vanquished.

Notes
Turn   | Place    | Note
-------+----------+-------------------------------------------
     0 | D:1      | croobank the Octopode Gladiator began the quest for the
                  | Orb.
     0 | D:1      | Reached XP level 1. HP: 14/14 MP: 1/1
    43 | D:1      | Found Otuasy's Armour Emporium.
   113 | D:1      | Reached XP level 2. HP: 19/19 MP: 2/2
   892 | D:1      | Reached XP level 3. HP: 22/25 MP: 3/3
  1805 | D:2      | Identified the +4 scale mail of Serendipity {+Blink rElec
                  | rF- Str+4}
  1821 | D:2      | Reached XP level 4. HP: 23/30 MP: 4/4
  1964 | D:2      | HP: 1/30 [poisoned by a gnoll]
  1965 | D:2      | Succumbed to a gnoll's poison

Illustrated notes

Levels and vault maps discovered:
D:1:      shiori_arrival_oz, layout_loops_corners, serial_shops,
          nicolae_shop_advertising_works [nicolae_subvault_shop_adworks]
D:2:      layout_basic

Action                   |  1- 3 |  4- 6 || total
-------------------------+-------+-------++-------
Melee: War axe           |    71 |     4 ||    75
       Constrict         |    15 |     1 ||    16
       Tentacles         |    11 |       ||    11
       Punch             |     2 |       ||     2
Throw: Throwing net      |       |     2 ||     2
  Use: Scroll            |       |     1 ||     1
 Stab: Sleeping          |     6 |       ||     6
       Distracted        |     1 |       ||     1
Armor: Skin              |     4 |       ||     4
Dodge: Dodged            |    39 |     6 ||    45
